 Dungeon Sprint DCSS version 0.27-a0-1342-ga99462a43c (webtiles) character file.

Game seed: 9913692701174613213

303729 Conn the Sorcerer (level 14, 74/74 HPs)
             Began as a Deep Elf Fire Elementalist on June 27, 2021.
             Was the Champion of Sif Muna.
             Escaped with the Orb!
             The game lasted 01:15:24 (8463 turns).

Conn the Sorcerer (Deep Elf Fire Elementalist)      Turns: 8463, Time: 01:15:24

Health: 74/74      AC:  9    Str:  5    XL:     14   Next: 17%
Magic:  43/43      EV: 20    Int: 40    God:    Sif Muna [******]
Gold:   630        SH:  0    Dex: 23    Spells: 0/59 levels left

rFire    . . .     SeeInvis +   x - +4 dagger "Morg" {pain, Will+ Int+5}
rCold    + . .     Faith    .   (no shield)
rNeg     . . .     Spirit   +   q - +2 robe {rC+}
rPois    .         Reflect  .   (no helmet)
rElec    +         Harm     .   r - scarf {+Inv}
rCorr    .         Rampage  +   n - +1 pair of gloves of Mianigg {Int+3 SInv Stlth+}
Will     ++...     Clarity  +   i - +2 pair of boots {Fly} Stlth ++........NoTele +
                                s - amulet "Ocsoaclyut" {Spirit Rampage rC+}
HPRegen  0.22/turn              h - ring of fire
MPRegen  0.28/turn              w - ring "Lofanas" {rElec rF- Int+6 Dex+8 Stlth+}

@: flying
A: clarity
0: Orb of Zot
a: Renounce Religion, Evoke Invisibility, Channel Magic, Forget Spell, Divine
Exegesis


You escaped.
You worshipped Sif Muna.
Sif Muna was exalted by your worship.
You visited 1 branch You collected 6374 gold pieces.
You spent 5744 gold pieces at shops.

Inventory:

Hand Weapons
 f - a +1 dagger of distortion
 k - the +4 hand crossbow of Ufub Pull {penet, Will+ Int+4 Dex+2}
   (You found it in the Dungeon)

   Ammo fired by it passes through the targets it hits, potentially hitting all
   targets in its path until it reaches maximum range.
   It affects your intelligence (+4).
   It affects your dexterity (+2).
   It increases your willpower.
 m - the +1 trident of Day {speed, rC+}
   (You found it in the Dungeon)

   Attacks with this weapon are significantly faster.
   It protects you from cold.
 x - the +4 dagger "Morg" (weapon) {pain, Will+ Int+5}
   (You bought it in a shop in the Dungeon)

   In the hands of one skilled in necromantic magic, it inflicts extra damage on
   living creatures.
   It affects your intelligence (+5).
   It increases your willpower.
 C - the +11 arbalest "Leviticus" {penet, Will+ Dex+3}
   (You bought it in a shop in the Dungeon)

   Ammo fired by it passes through the targets it hits, potentially hitting all
   targets in its path until it reaches maximum range.
   It affects your dexterity (+3).
   It increases your willpower.
Missiles
 d - 5 curare-tipped darts
Armour
 i - a +2 pair of boots of flying (worn)
 n - the +1 pair of gloves of Mianigg (worn) {Int+3 SInv Stlth+}
   (You bought it in a shop in the Dungeon)

   It affects your intelligence (+3).
   It lets you see invisible.
   It makes you more stealthy.
 q - a +2 robe of cold resistance (worn)
 r - a scarf of invisibility (worn)
 A - the +0 leather armour of Vehumet's Scorn {Rampage rElec rC- Int+4}
   (You bought it in a shop in the Dungeon)

   It affects your intelligence (+4).
   It makes you vulnerable to cold.
   It insulates you from electricity.
   It bestows one free step when moving towards enemies.
 B - the +2 chain mail of Poor Excuses {Harm rC+ Dex+6}
   (You bought it in a shop in the Dungeon)

   It affects your dexterity (+6).
   It protects you from cold.
   It increases damage dealt and taken.
Jewellery
 h - a ring of fire (left hand)
 l - the ring "Kenwetue" {rF+ rN+ Str+4 Int-5}
   (You found it in the Dungeon)

   [ring of protection from fire]

   It affects your strength (+4).
   It affects your intelligence (-5).
   It protects you from fire.
   It protects you from negative energy.
 o - a ring of poison resistance
 p - a +4 ring of evasion
 s - the amulet "Ocsoaclyut" (around neck) {Spirit Rampage rC+}
   (You bought it in a shop in the Dungeon)

   [amulet of guardian spirit]

   It causes incoming damage to be divided between your reserves of health and
   magic.
   It protects you from cold.
   It bestows one free step when moving towards enemies.
 u - an amulet of magic regeneration
 w - the ring "Lofanas" (right hand) {rElec rF- Int+6 Dex+8 Stlth+}
   (You found it in the Dungeon)

   [ring of intelligence]

   It affects your intelligence (+6).
   It affects your dexterity (+8).
   It makes you vulnerable to fire.
   It insulates you from electricity.
   It makes you more stealthy.
Wands
 t - a wand of iceblast (17)
Scrolls
 a - a scroll of brand weapon {unknown}
 j - 2 scrolls of enchant armour
 v - a scroll of identify
 y - a scroll of summoning
Potions
 b - a potion of curing
 c - a potion of heal wounds
 e - 2 potions of magic
 z - 2 potions of haste


   Skills:
 - Level 3.2 Fighting
 - Level 1.2 Short Blades
 - Level 2.0 Polearms
 - Level 10.1 Dodging
 - Level 8.6 Stealth
 - Level 23.3 Spellcasting
 + Level 23.1 Conjurations
 - Level 1.7 Summonings
 - Level 5.2 Translocations
 - Level 21.4 Fire Magic
 - Level 1.4 Air Magic
 - Level 5.0 Earth Magic
 - Level 6.0 Invocations
 - Level 5.4 Evocations


You couldn't memorise any spells.
You knew the following spells:

 Your Spells              Type           Power      Damage    Failure   Level
a - Foxfire               Conj/Fire      100%       2x1d9     0%          1
b - Conjure Flame         Conj/Fire      100%       6-21      0%          3
c - Inner Flame           Hex/Fire       100%       N/A       0%          3
d - Sticky Flame          Conj/Fire      100%       2d11      0%          4
e - Fireball              Conj/Fire      73%        3d27      0%          5
f - Bolt of Magma         Conj/Fire/Erth 66%        4d26      0%          5
g - Iron Shot             Conj/Erth      51%        9d10      1%          6
h - Iskenderun's Mystic   Conj/Tloc      100%       2d19      0%          4
i - Ignition              Fire           72%        3d19      1%          8
j - Blink                 Tloc           N/A        N/A       1%          2
k - Summon Lightning Spi  Summ/Air       56%        N/A       2%          4
l - Fire Storm            Conj/Fire      73%        8d19      4%          9
m - Airstrike             Air            27%        N/A       2%          4
n - Apportation           Tloc           100%       N/A       1%          1

Your spell library contained the following spells:

 Spells                   Type           Power      Damage    Failure   Level
 Magic Dart               Conj           100%       1d8       0%          1
 Shock                    Conj/Air       100%       1d9       0%          1
 Searing Ray              Conj           100%       3d7       0%          2
 Static Discharge         Conj/Air       98%        N/A       0%          2
 Dazzling Flash           Conj/Hex       100%       N/A       0%          3
 Stone Arrow              Conj/Erth      100%       3d13      0%          3
 Iskenderun's Battlesphe  Conj           100%       2d15      0%          5
 Starburst                Conj/Fire      73%        8x6d19    0%          6
 Beastly Appendage        Tmut           92%        N/A       1%          1
 Corona                   Hex            51%        N/A       1%          1
 Freeze                   Ice            100%       1d11      1%          1
 Sandblast                Erth           100%       2d20      1%          1
 Corpse Rot               Necr/Air       N/A        N/A       1%          2
 Passwall                 Tmut/Erth      50%        N/A       1%          2
 Sublimation of Blood     Necr           23%        N/A       1%          2
 Wereblood                Tmut           46%        N/A       1%          2
 Confusing Touch          Hex            46%        N/A       1%          3
 Frozen Ramparts          Ice            92%        1d11      1%          3
 Gell's Gravitas          Tloc           36%        N/A       1%          3
 Ignite Poison            Fire/Tmut/Pois 100%       N/A       1%          3
 Lesser Beckoning         Tloc           36%        N/A       1%          3
 Mephitic Cloud           Conj/Pois/Air  84%        N/A       1%          3
 Ozocubu's Armour         Ice            46%        N/A       1%          3
 Spider Form              Tmut/Pois      23%        N/A       1%          3
 Swiftness                Air            55%        N/A       1%          3
 Teleport Other           Tloc           73%        N/A       1%          3
 Tukima's Dance           Hex            46%        N/A       1%          3
 Animate Armour           Summ/Erth      100%       N/A       1%          4
 Fulminant Prism          Conj/Hex       47%        3d21      1%          4
 Hailstorm                Conj/Ice       95%        3d19      1%          4
 Leda's Liquefaction      Hex/Erth       30%        N/A       1%          4
 Petrify                  Tmut/Erth      61%        N/A       1%          4
 Freezing Cloud           Conj/Ice/Air   42%        6-21      1%          5
 Irradiate                Conj/Tmut      47%        3d29      1%          5
 Lee's Rapid Deconstruct  Erth           36%        3d19*     1%          5
 Lightning Bolt           Conj/Air       49%        1d69      1%          5
 Summon Forest            Summ/Tloc      32%        N/A       3%          5
 Animate Dead             Necr           23%        N/A       4%          4
 Ice Form                 Ice/Tmut       46%        N/A       4%          4
 Summon Mana Viper        Hex/Summ       52%        N/A       9%          5
 Dispersal                Tloc           36%        N/A       9%          6
 Lehudib's Crystal Spear  Conj/Erth      51%        10d12     10%         8
 Agony                    Necr           46%        N/A       13%         5
 Alistair's Intoxication  Tmut/Pois      30%        N/A       13%         5
 Metabolic Englaciation   Hex/Ice        23%        N/A       13%         5
 Yara's Violent Unravell  Hex/Tmut       23%        3d10      13%         5
 Statue Form              Tmut/Erth      40%        N/A       26%         6
 Eringya's Noxious Bog    Tmut/Pois      23%        N/A       56%         6
 Invisibility             Hex            23%        N/A       56%         6
 Simulacrum               Ice/Necr       23%        N/A       56%         6
 Monstrous Menagerie      Summ           28%        N/A       88%         7
 Summon Hydra             Summ           28%        N/A       88%         7
 Infestation              Necr           23%        N/A       100%        8
 Necromutation            Tmut/Necr      23%        N/A       100%        8
 Shatter                  Erth           36%        3d29*     100%        9


Dungeon Overview and Level Annotations

Branches:
Dungeon (1/1)

Altars:
Cheibriados
Dithmenos
Elyvilon
Fedhas
Gozag
Hepliaklqana
Kikubaaqudgha
Makhleb
Nemelex Xobeh
Okawaru
Qazlal
Ru
Sif Muna
Trog
Uskayaw
Vehumet
Wu Jian
Xom
Yredelemnul
Zin
The Shining One
Jiyva
Lugonu

Shops:
D =*([*!**?!(?([!*(:*[((


Innate Abilities, Weirdness & Mutations

You possess an exceptional clarity of mind.


Message History

Confirm with . or Enter, or press ? or * to list all spells.
You erupt in a blast of force!
The mystic blast hits the hell hound!!
You kill the hell hound!
Sif Muna accepts your kill.
Unknown command.
You see here a +1 great sword of flaming.
There is an open door, spattered with blood here.
You see here a +0 great sword of flaming.
You hear a shout!
You see here a +0 great sword of flaming.
There is an open door here.
You feel less invigorated.
You hear a shout!
There is an open door here.
Really fly into a travel-excluded area?
There is an open door here.
There is an open door here.
There is an open door here.
There is an open door here.
There is an open door here.
There is an open door here.
Things that are here:
a +0 scythe; a +0 robe
There is an open door, spattered with blood here.
There is an open door here.
You see here a +0 giant club.
Things that are here:
a +0 club; a +0 ring mail
There is a staircase leading out of the dungeon here.
You start waiting.
Done waiting.
You start waiting.
A red devil, a green death and a pandemonium lord come into view.
Press: ? - help, v - describe, . - travel A staircase leading out of the dungeon.
This square is covered in magical glow.
Unknown command.
Unknown command.
You can't go down here!
You have escaped!

##################
#@.#..').#..'..#__
#.2)..#..'..#..'..
#.)#####'#####'#__
#.4####..#...#|###
#.&#__####..##(#≈§
#..#_____##'#_.'≈§
#⌠⌠#_.∩...'..._#§§
####_..__##_.#'##§
*,,#_____###'#.#§§


You could see Rangae, a green death (wandering) and a red devil (wandering).

Vanquished Creatures
  Lom Lobon (D)
  Tiamat (D)
  the Lernaean hydra (D)
  A golden dragon (D)
  A deep elf master archer (D)
  A shadow dragon (D)
  A daeva (D)
  4 fire giants (D)
  A lorocyproca (D)
  A deep elf annihilator (D)
  A mummy priest (D)
  2 centaur warriors (D)
  A hydra (D)
  Sonja (D)
  A deep troll (D)
  A lindwurm (D)
  3 shining eyes (D)
  2 oklob plants (D)
  2 merfolk sirens (D)
  A gargoyle (D)
  2 kobold demonologists (D)
  7 unseen horrors (D)
  4 demonic crawlers (D)
  A tormentor (D)
  A hellwing (D)
  5 hornets (D)
  A meliai (D)
  A slime creature (D)
  Sigmund (D)
  2 redbacks (D)
  A yak (D)
  13 hogs (D)
  5 floating eyes (D)
  5 hell hounds (D)
  An ogre (D)
  7 necrophages (D)
  8 jellies (D)
  Ijyb (D)
  A ball lightning (D)
95 creatures vanquished.

Vanquished Creatures (collateral kills)
  5 shining eyes (D)
  2 floating eyes (D)
7 creatures vanquished.

Vanquished Creatures (others)
  An infernal demonspawn (D)
  A gargoyle (D)
  2 ball lightnings (D)
  2 ballistomycete spores (D)
  17 fire vortices (D)
  97 foxfires (D)
120 creatures vanquished.

Grand Total: 222 creatures vanquished

Notes
Turn   | Place    | Note
-------+----------+-------------------------------------------
     0 | D        | Conn the Deep Elf Fire Elementalist began the quest for the
                  | Orb.
     0 | D        | Reached XP level 1. HP: 10/10 MP: 6/6
     2 | D        | Noticed Ijyb
    22 | D        | Killed Ijyb
    23 | D        | Reached skill level 5 in Fire Magic
    23 | D        | Reached XP level 2. HP: 7/15 MP: 7/9
   233 | D        | Noticed an ogre
   253 | D        | Killed an ogre
   254 | D        | Reached skill level 5 in Spellcasting
   254 | D        | Reached XP level 3. HP: 20/20 MP: 7/12
   254 | D        | Reached XP level 4. HP: 24/24 MP: 7/13
   258 | D        | Learned a level 3 spell: Conjure Flame
   262 | D        | Learned a level 3 spell: Inner Flame
   267 | D        | Learned a level 4 spell: Sticky Flame
   304 | D        | Noticed Sigmund
   321 | D        | Killed Sigmund
   322 | D        | Reached skill level 5 in Dodging
   322 | D        | Reached skill level 5 in Stealth
   322 | D        | Reached skill level 10 in Fire Magic
   322 | D        | Reached XP level 5. HP: 26/28 MP: 7/17
   322 | D        | Reached XP level 6. HP: 31/33 MP: 7/18
   402 | D        | Learned a level 5 spell: Fireball
   402 | D        | Found an ornate altar of the Wu Jian Council.
   402 | D        | Found a shimmering blue altar of Sif Muna.
   404 | D        | Found a radiant altar of Vehumet.
   434 | D        | Became a worshipper of Sif Muna the Loreminder
   460 | D        | Found Puejeuts's Antique Armour Emporium.
   460 | D        | Found an ancient bone altar of Kikubaaqudgha.
   460 | D        | Found a hazy altar of Hepliaklqana.
   460 | D        | Found a stormy altar of Qazlal.
   460 | D        | Found a hide-covered altar of Uskayaw.
   460 | D        | Found a blossoming altar of Fedhas.
   460 | D        | Found a bloodstained altar of Trog.
   460 | D        | Found an iron altar of Okawaru.
   460 | D        | Found a basalt altar of Yredelemnul.
   460 | D        | Found a glowing golden altar of the Shining One.
   460 | D        | Found a snail-covered altar of Cheibriados.
   460 | D        | Found a sacrificial altar of Ru.
   460 | D        | Found a glowing silver altar of Zin.
   460 | D        | Found a shadowy altar of Dithmenos.
   460 | D        | Found a white marble altar of Elyvilon.
   460 | D        | Noticed a yak
   461 | D        | Found an opulent altar of Gozag.
   466 | D        | Killed a yak
   619 | D        | Found a sparkling altar of Nemelex Xobeh.
   637 | D        | Found a burning altar of Makhleb.
   637 | D        | Found a viscous altar of Jiyva.
   637 | D        | Found a shimmering altar of Xom.
   637 | D        | Found a corrupted altar of Lugonu.
   637 | D        | Noticed a slime creature
   649 | D        | Killed a slime creature
   650 | D        | Reached skill level 1 in Fighting
   650 | D        | Reached XP level 7. HP: 38/38 MP: 14/22
   717 | D        | Noticed Sonja
   719 | D        | Killed Sonja
   719 | D        | Reached * piety under Sif Muna
   720 | D        | Reached skill level 5 in Conjurations
   720 | D        | Reached XP level 8. HP: 32/43 MP: 13/25
   921 | D        | Found Bihemit's Jewellery Boutique.
   929 | D        | Bought a ring of fire for 300 gold pieces
   946 | D        | Killed a gargoyle
   975 | D        | Noticed a deep troll
   982 | D        | Killed a deep troll
  1109 | D        | Found Fyhixe's Armour Emporium.
  1115 | D        | Bought a +2 pair of boots of flying for 215 gold pieces
  1157 | D        | Noticed a kobold demonologist
  1158 | D        | Noticed a kobold demonologist
  1159 | D        | Killed a kobold demonologist
  1159 | D        | Reached ** piety under Sif Muna
  1160 | D        | Reached XP level 9. HP: 48/48 MP: 16/27
  1160 | D        | Killed a kobold demonologist
  1252 | D        | Noticed a centaur warrior
  1255 | D        | Killed a centaur warrior
  1256 | D        | Reached skill level 15 in Fire Magic
  1256 | D        | Killed a centaur warrior
  1258 | D        | Reached *** piety under Sif Muna
  1382 | D        | Noticed an oklob plant
  1386 | D        | Killed an oklob plant
  1387 | D        | Reached XP level 10. HP: 54/54 MP: 14/30
  1463 | D        | Reached skill level 15 in Spellcasting
  1468 | D        | Reached skill level 10 in Conjurations
  1710 | D        | Paralysed by a floating eye for 2 turns
  1712 | D        | Reached **** piety under Sif Muna
  1715 | D        | Reached ***** piety under Sif Muna
  1715 | D        | Identified Sif Muna's Disquisition on Harmful Ignition (Sif
                  | Muna gifted it to you in the Dungeon)
  1715 | D        | Received a gift from Sif Muna
  1716 | D        | Reached skill level 10 in Dodging
  2037 | D        | Found Imippoul's Book Boutique.
  2037 | D        | Found Xurchoth's Assorted Antiques.
  2039 | D        | Identified Sif Muna's Collected Works on Stones and Calling
                  | (Sif Muna gifted it to you in the Dungeon)
  2039 | D        | Received a gift from Sif Muna
  2047 | D        | Learned a level 5 spell: Bolt of Magma
  2047 | D        | Found Searrig's Magic Scroll Boutique.
  2047 | D        | Found Wocoirij's Assorted Antiques.
  2048 | D        | Found Loth's Weapon Emporium.
  2053 | D        | Identified the ring "Kenwetue" {rF+ rN+ Str+4 Int-5}
  2058 | D        | Identified the +1 trident of Day {speed, rC+}
  2064 | D        | Found Fupluawe's General Store.
  2066 | D        | Found Goibborr's Distillery.
  2066 | D        | Found Zinus's Antique Weapon Shop.
  2066 | D        | Found Gohesoit's Magic Scroll Shoppe.
  2066 | D        | Found Xoibb's Weapon Boutique.
  2066 | D        | Found Jadarux's Antique Armour Emporium.
  2066 | D        | Found Ruobyato's Distillery.
  2066 | D        | Found Myguhuest's Assorted Antiques.
  2070 | D        | Found Pianip's Antique Weapon Boutique.
  2075 | D        | Bought a pair of slimy gloves for 199 gold pieces
  2075 | D        | Identified the +1 pair of gloves of Mianigg {Int+3 SInv
                  | Stlth+} (You bought it in a shop in the Dungeon)
  2088 | D        | Bought a runed agate ring for 105 gold pieces
  2097 | D        | Bought an ivory ring for 105 gold pieces
  2097 | D        | Bought a glowing robe for 77 gold pieces
  2097 | D        | Bought a glowing scarf for 168 gold pieces
  2350 | D        | Bought a scroll of blinking for 75 gold pieces
  2352 | D        | Bought a potion of brilliance for 48 gold pieces
  2416 | D        | Reached skill level 1 in Evocations
  2516 | D        | Noticed a gargoyle
  2517 | D        | Killed a gargoyle
  2518 | D        | Reached skill level 1 in Earth Magic
  2546 | D        | Learned a level 6 spell: Iron Shot
  2560 | D        | Noticed a lindwurm
  2561 | D        | Killed a lindwurm
  2562 | D        | Reached skill level 1 in Short Blades
  2562 | D        | Reached skill level 1 in Invocations
  2606 | D        | Reached XP level 11. HP: 59/59 MP: 27/33
  2606 | D        | Received a gift from Sif Muna
  2867 | D        | Identified Gisetzot's Volume of Transmutation and Poisoning
                  | (Sif Muna gifted it to you in the Dungeon)
  2867 | D        | Received a gift from Sif Muna
  2868 | D        | Reached ****** piety under Sif Muna
  2938 | D        | Noticed a 12-headed hydra
  2943 | D        | Killed a 12-headed hydra
  2994 | D        | Noticed a daeva
  3156 | D        | Learned a level 4 spell: Iskenderun's Mystic Blast
  3165 | D        | Reached skill level 5 in Evocations
  3165 | D        | Identified Wiomeof's Handbook of Ignition and Stolen Souls
                  | (Sif Muna gifted it to you in the Dungeon)
  3165 | D        | Received a gift from Sif Muna
  3179 | D        | Learned a level 8 spell: Ignition
  3322 | D        | Noticed a fire giant
  3392 | D        | Noticed a fire giant
  3395 | D        | Killed a fire giant
  3396 | D        | Reached skill level 1 in Polearms
  3396 | D        | Reached skill level 5 in Earth Magic
  3396 | D        | Reached skill level 5 in Invocations
  3433 | D        | Killed a fire giant
  3571 | D        | Noticed a fire giant
  3574 | D        | Killed a fire giant
  3664 | D        | Noticed a fire giant
  3673 | D        | Killed a fire giant
  3674 | D        | Reached XP level 12. HP: 8/64 MP: 12/36
  4009 | D        | Killed a daeva
  4010 | D        | Reached skill level 15 in Conjurations
  4010 | D        | Reached skill level 1 in Translocations
  4300 | D        | Noticed a shadow dragon
  4302 | D        | Noticed a golden dragon
  4325 | D        | Killed a golden dragon
  4791 | D        | Killed a shadow dragon
  4904 | D        | Found Vofaf's Antique Weapon Shoppe.
  4943 | D        | Noticed a deep elf annihilator
  4947 | D        | Identified Sif Muna's Catalogue of Confrontation (Sif Muna
                  | gifted it to you in the Dungeon)
  4947 | D        | Received a gift from Sif Muna
  4949 | D        | Killed a deep elf annihilator
  5164 | D        | Noticed a mummy priest
  5167 | D        | Killed a mummy priest
  5176 | D        | Identified the ring "Lofanas" {rElec rF- Int+6 Dex+8
                  | Stlth+}
  5303 | D        | Noticed the 27-headed Lernaean hydra
  5315 | D        | Killed the 27-headed Lernaean hydra
  5315 | D        | Identified Feopuyts's Incunabulum of Unstable Stones (Sif
                  | Muna gifted it to you in the Dungeon)
  5315 | D        | Received a gift from Sif Muna
  5316 | D        | Reached XP level 13. HP: 68/68 MP: 20/41
  5320 | D        | Learned a level 2 spell: Blink
  5395 | D        | Noticed a deep elf master archer
  5409 | D        | Killed a deep elf master archer
  5534 | D        | Identified the +4 hand crossbow of Ufub Pull {penet, Will+
                  | Int+4 Dex+2}
  5614 | D        | Identified the Grimoire of Cankerous Clay
  5995 | D        | Noticed a lorocyproca
  6000 | D        | Killed a lorocyproca
  6421 | D        | Learned a level 4 spell: Summon Lightning Spire
  6445 | D        | Bought the amulet "Ocsoaclyut" {Spirit Rampage rC+} for 528
                  | gold pieces
  6459 | D        | Paralysed by a floating eye for 4 turns
  6488 | D        | Identified Sif Muna's Disquisition on Bewitchment (Sif Muna
                  | gifted it to you in the Dungeon)
  6488 | D        | Received a gift from Sif Muna
  6502 | D        | Gained mutation: You possess an exceptional clarity of
                  | mind. [a shining eye]
  6508 | D        | Paralysed by a floating eye for 4 turns
  6518 | D        | Paralysed by a floating eye for 2 turns
  6608 | D        | Reached skill level 1 in Summonings
  6608 | D        | Reached skill level 5 in Translocations
  6608 | D        | Reached skill level 1 in Air Magic
  6798 | D        | Found Sahaell's General Store.
  6798 | D        | Found Nahonk's Assorted Antiques.
  6798 | D        | Found Huefudaona's Distillery.
  6798 | D        | Found Hissasch's Antique Weapon Emporium.
  6865 | D        | Bought 3 potions of heal wounds for 180 gold pieces
  6980 | D        | Learned a level 9 spell: Fire Storm
  7059 | D        | Bought the +4 dagger "Morg" {pain, Will+ Int+5} for 529
                  | gold pieces
  7059 | D        | Found the +4 dagger "Morg" {pain, Will+ Int+5}
  7154 | D        | Found the +4 dragonskin cloak
  7154 | D        | Noticed Tiamat
  7188 | D        | Killed Tiamat
  7365 | D        | Bought a translucent falchion for 168 gold pieces
  7365 | D        | Identified the +1 falchion of Exquisite Torment {freeze,
                  | Dex+4} (You bought it in a shop in the Dungeon)
  7365 | D        | Bought a potion of haste for 210 gold pieces
  7375 | D        | Bought a potion of heal wounds for 60 gold pieces
  7375 | D        | Bought a potion of haste for 120 gold pieces
  7377 | D        | Bought a potion of magic for 96 gold pieces
  7379 | D        | Bought a scroll of summoning for 123 gold pieces
  7381 | D        | Bought a twisted leather armour for 147 gold pieces
  7381 | D        | Identified the +0 leather armour of Vehumet's Scorn
                  | {Rampage rElec rC- Int+4} (You bought it in a shop in the
                  | Dungeon)
  7381 | D        | Bought a dazzling chain mail for 199 gold pieces
  7381 | D        | Identified the +2 chain mail of Poor Excuses {Harm rC+
                  | Dex+6} (You bought it in a shop in the Dungeon)
  7382 | D        | Bought a potion of haste for 140 gold pieces
  7384 | D        | Bought a masterwork arbalest for 218 gold pieces
  7384 | D        | Identified the +11 arbalest "Leviticus" {penet, Will+
                  | Dex+3} (You bought it in a shop in the Dungeon)
  7385 | D        | Bought a leatherbound book for 315 gold pieces
  7386 | D        | Bought a book of Air for 420 gold pieces
  7392 | D        | Learned a level 4 spell: Airstrike
  7448 | D        | Bought a potion of brilliance for 84 gold pieces
  7448 | D        | Bought a rare book for 315 gold pieces
  7533 | D        | Noticed Lom Lobon
  7549 | D        | Killed Lom Lobon
  7549 | D        | Identified Sif Muna's Guide on Evil Arts (Sif Muna gifted
                  | it to you in the Dungeon)
  7549 | D        | Received a gift from Sif Muna
  7550 | D        | Reached XP level 14. HP: 71/74 MP: 10/43
  8091 | D        | Bought a book of Party Tricks for 600 gold pieces
  8093 | D        | Learned a level 1 spell: Apportation
  8262 | D        | Got the Orb of Zot
  8462 | D        | Noticed Rangae the pandemonium lord
  8463 | D        | Escaped with the Orb!

Illustrated notes

Levels and vault maps discovered:
D:        dungeon_sprint_1 [red_sonja_temple_1, red_sonja_temple_small_1]

Skill      XL: |  1  2  3  4  5  6  7  8  9 10 11 12 13 14 |
---------------+-------------------------------------------+-----
Dodging        | 3 4 5 7 8 9 10 | 10.1
Stealth        | 3 4 5 6 7 8 |  8.6
Spellcasting   | 4 5 7 9 11 12 14 16 18 22 23 | 23.3
Fire Magic     | 5 8 10 12 13 14 16 17 18 21 | 21.4
Conjurations   | 2 3 4 5 7 9 12 14 16 22 23 | 23.1
Fighting       | 1 2 3 |  3.2
Evocations     | 3 5 |  5.4
Earth Magic    | 1 5 |  5.0
Short Blades   | 1 |  1.2
Invocations    | 1 6 |  6.0
Polearms       | 1 2 |  2.0
Translocations | 4 5 |  5.2
Summonings     | 1 |  1.7
Air Magic      | 1 |  1.4

Action                   |  1- 3 |  4- 6 |  7- 9 | 10-12 | 13-15 || total
-------------------------+-------+-------+-------+-------+-------++-------
Melee: Unarmed           |    17 |       |       |       |       ||    17
       Dagger            |       |       |       |     6 |       ||     6
       Trident           |       |       |       |     6 |     6 ||    12
 Cast: Foxfire           |     4 |    10 |       |    41 |       ||    55
       Conjure Flame     |       |     3 |     1 |     5 |       ||     9
       Sticky Flame      |       |     1 |       |     5 |       ||     6
       Fireball          |       |       |    17 |    26 |     6 ||    49
       Bolt of Magma     |       |       |       |    16 |     1 ||    17
       Iron Shot         |       |       |       |    22 |     5 ||    27
       Iskenderun's Myst |       |       |       |     8 |     5 ||    13
       Ignition          |       |       |       |     7 |     5 ||    12
       Fire Storm        |       |       |       |       |    17 ||    17
       Summon Lightning  |       |       |       |       |    10 ||    10
       Blink             |       |       |       |       |    10 ||    10
Invok: Channel Magic     |       |       |       |       |     5 ||     5
  Use: Potion            |     2 |       |       |     4 |    11 ||    17
       Scroll            |       |       |       |     4 |     3 ||     7
Armor: Robe              |       |       |       |    12 |     2 ||    14
Dodge: Dodged            |     8 |     1 |       |    17 |     1 ||    27

Table legend: (Time is in decaauts)
 A = Elapsed time spent in this place.
 B = Non-inter-level travel time spent in this place.
 C = Inter-level travel time spent in this place.
 D = Time resting spent in this place.
 E = Time spent auto-exploring this place.
 F = Levels seen in this place.
 G = Mean time per level.
                   A        B        C        D        E       F      G
               +--------+--------+--------+--------+--------+-----+--------+
         Total |   8486 |   8259 |    227 |   4734 |      0 |   1 | 8486.0 |
       Dungeon |   8486 |   8259 |    227 |   4734 |      0 |   1 | 8486.0 |
               +--------+--------+--------+--------+--------+-----+--------+

Top non-repeatable levels by time:
       D: 8486 daAuts
